 Dungeon Crawl Stone Soup version 0.27-a0-1322-gfdffb62a71 (webtiles) character file.

Game seed: 10026884531929405950

569 lunkers the Gusty (level 7, 0/38 HPs)
             Began as a Tengu Air Elementalist on June 22, 2021.
             Hit by a stone thrown by a gnoll (3 damage)
             ... on level 5 of the Dungeon.
             The game lasted 00:07:16 (6223 turns).

lunkers the Gusty (Tengu Air Elementalist)          Turns: 6223, Time: 00:07:17

Health: 0/38       AC:  2    Str:  8    XL:     7   Next: 33%
Magic:  13/13      EV: 14    Int: 17    God:
Gold:   205        SH:  4    Dex: 15    Spells: 3/13 levels left

rFire    . . .     SeeInvis .   c - +0 dagger
rCold    . . .     Faith    .   m - +0 buckler
rNeg     . . .     Spirit   .   a - +0 robe
rPois    .         Reflect  .   (helmet restricted)
rElec    .         Harm     .   (no cloak)
rCorr    .         Rampage  .   (no gloves)
Will     .....                  (boots unavailable)
Stlth    ++........             (no amulet)
HPRegen  0.12/turn              (no ring)
MPRegen  0.13/turn              (no ring)

@: lethally poisoned (0 -> -2), flying quickly and evasively, very slightly
contaminated, quick
A: beak, talons 3, nimble flight
a: no special abilities


You were on level 5 of the Dungeon.
You visited 1 branch of the dungeon, and saw 5 of its levels.

You collected 205 gold pieces.

Inventory:

Hand Weapons
 c - a +0 dagger (weapon)
 n - a +1 trident of distortion
Missiles
 k - 2 throwing nets
Armour
 a - a +0 robe (worn)
 m - a +0 buckler (worn)
Jewellery
 p - a +6 ring of dexterity
Wands
 l - a wand of mindburst (12)
Scrolls
 g - a scroll of magic mapping {unknown}
 h - a scroll of fog {unknown}
 i - 2 scrolls of identify {unknown}
 o - a scroll of vulnerability {unknown}
Potions
 b - a potion of might {unknown}
 d - a potion of brilliance {unknown}
 e - a potion of flight {unknown}
 f - a potion of degeneration {unknown}
 j - a potion of magic


   Skills:
 + Level 1.3 Fighting
 - Level 2.1 Dodging
 - Level 2.0 Stealth
 + Level 1.2 Shields
 + Level 3.7 Spellcasting
 + Level 4.8 Conjurations
 * Level 7.8 Air Magic


You had 3 spell levels left.
You knew the following spells:

 Your Spells              Type           Power      Damage    Failure   Level
a - Shock                 Conj/Air       96%        1d9       1%          1
b - Static Discharge      Conj/Air       24%        N/A       2%          2
c - Swiftness             Air            29%        N/A       2%          3
d - Airstrike             Air            14%        N/A       9%          4

Your spell library contained the following spells:

 Spells                   Type           Power      Damage    Failure   Level
 Summon Small Mammal      Summ           12%        N/A       22%         1
 Call Imp                 Summ           3%         N/A       34%         2
 Call Canine Familiar     Summ           3%         N/A       56%         3
 Summon Guardian Golem    Hex/Summ       3%         N/A       56%         3
 Summon Lightning Spire   Summ/Air       16%        N/A       41%         4
 Lightning Bolt           Conj/Air       12%        1d25      43%         5
 Summon Ice Beast         Ice/Summ       3%         N/A       92%         4


Dungeon Overview and Level Annotations

Branches:
Dungeon (5/15)
 Temple: D:4-7

Altars:
Uskayaw

Annotations:
D:2 1 runed translucent door, Crazy Yiuf


Innate Abilities, Weirdness & Mutations

You have a beak for a mouth.
You have claws for feet.
Your magical nature lets you fly swiftly and evasively.


Message History

The phantom hits you.
* * * LOW HITPOINT WARNING * * *
Casting: Static Discharge (safe; 2% risk of failure)
Confirm with . or Enter, or press ? or * to list all spells.
The phantom is struck by an arc of lightning!
The phantom is almost destroyed.
You are struck by an arc of lightning.
* * * LOW HITPOINT WARNING * * *
The lightning grounds out.
You feel sick.
The phantom hits you but does no damage.
Unknown command.
Casting: Static Discharge (safe; 2% risk of failure)
Confirm with . or Enter, or press ? or * to list all spells.
You miscast Static Discharge.
You are very lightly contaminated with residual magic.
Nothing appears to happen.
You feel sick. The gnoll barely misses you. The phantom hits you!
* * * LOW HITPOINT WARNING * * *
The phantom blinks!
You blink.
Unknown command.
Casting: Static Discharge (safe; 2% risk of failure)
Confirm with . or Enter, or press ? or * to list all spells.
The phantom is struck by an arc of lightning!
You destroy the phantom!
You are struck by an arc of lightning.
* * * LOW HITPOINT WARNING * * *
The lightning grounds out.
* * * LOW HITPOINT WARNING * * *
You feel sick.
The gnoll throws a stone.
You block the stone.
Unknown command.
Casting: Static Discharge (safe; 2% risk of failure)
Confirm with . or Enter, or press ? or * to list all spells.
Okay, then.
Okay, then.
* * * LOW HITPOINT WARNING * * *
You feel sick.
It was a potion of magic.
Magic courses through your body.
* * * LOW HITPOINT WARNING * * *
You feel sick.
The gnoll throws a stone.
The stone hits you.
You die...

#.#..#.# .. #.#..#.# ..##
#.#..#.####....
#.#.........####
#.#.##[#.###......
#.#..).#.#.......###
#.#..###.#....###.. #.#..#
#....#......
#.#.@####......#.####
#.#....##.#.#..#.....
#.#..#.##.#.#........
#.##.#.#..#.#...#.#..
#.........#.#........
####g##...#....≈≈...)
#.##.#.........#####≈≈..≈≈
..........§#......##...≈).
##.####.#####.####.#...≈...


You could see a gnoll.

Vanquished Creatures
  Sigmund (D:2)
  An ogre (D:5)
  A phantom (D:5)
  A gnoll shaman (D:4)
  2 iguanas
  Terence (D:2)
  6 gnolls
  An adder (D:3)
  An adder skeleton (D:4)
  4 orcs
  8 ball pythons
  8 bats
  8 endoplasms
  4 giant cockroaches
  4 goblins
  6 hobgoblins
  13 jackals
  8 kobolds
  3 frilled lizards
  7 rats
88 creatures vanquished.

Vanquished Creatures (others)
  A fungus (D:2)
1 creature vanquished.

Grand Total: 89 creatures vanquished

Notes
Turn   | Place    | Note
-------+----------+-------------------------------------------
     0 | D:1      | lunkers the Tengu Air Elementalist began the quest for the
                  | Orb.
     0 | D:1      | Reached XP level 1. HP: 10/10 MP: 4/4
   414 | D:1      | Reached XP level 2. HP: 15/15 MP: 4/6
   834 | D:1      | Reached XP level 3. HP: 19/19 MP: 3/7
   943 | D:1      | Learned a level 2 spell: Static Discharge
   947 | D:1      | Learned a level 3 spell: Swiftness
  1245 | D:2      | Noticed Terence
  1291 | D:2      | Noticed Sigmund
  1776 | D:2      | Killed Terence
  1777 | D:2      | Reached skill level 5 in Air Magic
  1961 | D:2      | Reached XP level 4. HP: 24/24 MP: 0/8
  2946 | D:2      | Found a runed translucent door.
  2947 | D:2      | Noticed Crazy Yiuf
  3216 | D:2      | HP: 1/24 [Sigmund (2)]
  3217 | D:2      | Killed Sigmund
  3218 | D:2      | Reached skill level 6 in Air Magic
  3218 | D:2      | Gained mutation: Your magical nature lets you fly swiftly
                  | and evasively. [Tengu growth]
  3218 | D:2      | Reached XP level 5. HP: 1/28 MP: 0/10
  3218 | D:2      | Reached XP level 6. HP: 1/32 MP: 0/11
  4205 | D:3      | Reached skill level 7 in Air Magic
  4950 | D:4      | Learned a level 4 spell: Airstrike
  5494 | D:5      | Entered Level 5 of the Dungeon
  5612 | D:5      | Found a hide-covered altar of Uskayaw.
  5834 | D:5      | Reached skill level 1 in Fighting
  5834 | D:5      | Reached XP level 7. HP: 20/38 MP: 13/13
  5920 | D:5      | Reached skill level 1 in Shields
  6223 | D:5      | Hit by a stone thrown by a gnoll

Illustrated notes

Levels and vault maps discovered:
D:1:      tarquinn_simple_flora_water_e, layout_basic, minmay_pentomino_x4
D:2:      layout_loops_ring, uniq_crazy_yiuf_cottage, uniq_sigmund, uniq_terence
D:3:      layout_basic
D:4:      layout_cave_pods
D:5:      layout_basic, nicolae_uskayaw_suspiria, minmay_curled_crystal

Skill      XL: |  1  2  3  4  5  6  7 |
---------------+----------------------+-----
Conjurations   | 2 4 |  4.8
Air Magic      | 5 6 7 |  7.8
Spellcasting   | 3 |  3.7
Fighting       | 1 |  1.3
Shields        | 1 |  1.2
Dodging        | |  2.1
Stealth        | |  2.0

Action                   |  1- 3 |  4- 6 |  7- 9 || total
-------------------------+-------+-------+-------++-------
Melee: Unarmed           |     4 |       |       ||     4
       Peck              |     2 |     2 |     1 ||     5
       Kick              |     1 |     4 |       ||     5
       Dagger            |       |    14 |     1 ||    15
 Cast: Shock             |    70 |    82 |       ||   152
       Static Discharge  |     1 |    15 |     7 ||    23
Evoke: Wand              |       |     2 |       ||     2
  Use: Potion            |       |       |     1 ||     1
Armor: Robe              |     4 |     4 |     1 ||     9
Dodge: Dodged            |    23 |    16 |     3 ||    42
Block: Buckler           |       |     2 |     2 ||     4

Table legend: (Time is in decaauts)
 A = Elapsed time spent in this place.
 B = Non-inter-level travel time spent in this place.
 C = Inter-level travel time spent in this place.
 D = Time resting spent in this place.
 E = Time spent auto-exploring this place.
 F = Levels seen in this place.
 G = Mean time per level.
                   A        B        C        D        E       F      G
               +--------+--------+--------+--------+--------+-----+--------+
         Total |   6059 |   5909 |    150 |   1051 |   4111 |   5 | 1211.8 |
       Dungeon |   6059 |   5909 |    150 |   1051 |   4111 |   5 | 1211.8 |
               +--------+--------+--------+--------+--------+-----+--------+

Top non-repeatable levels by time:
     D:1: 1924 daAuts
     D:2: 1758 daAuts
     D:4: 1104 daAuts
     D:3: 774 daAuts
     D:5: 496 daAuts
